 Dungeon Crawl Stone Soup version 0.31-a0-354-g827e0957a7 (webtiles) character file.

Game seed: 7750141601332038399

53 arthad the Chopper (level 3, -1/48 (52) HPs)
             Began as a Gnoll Berserker on July 23, 2023.
             Was a Follower of Trog.
             Slain by a gnoll
             ... wielding a +0 flail of draining
              (8 damage)
             ... on level 3 of the Dungeon.
             The game lasted 00:02:49 (1904 turns).

arthad the Chopper (Gnoll Berserker)                Turns: 1904, Time: 00:02:49

HP:   -1/48 (52)    AC:  2    Str: 18    XL:     3   Next: 89%
MP:   4/4           EV: 13    Int:  6    God:    Trog [*.....]
Gold: 64            SH:  4    Dex: 11    Spells: 4/4 levels left

rFire   . . .        a - +0 hand axe
rCold   + . .        g - +0 buckler
rNeg    . . .        b - +0 animal skin
rPois   .            (no helmet)
rElec   .            (no cloak)
rCorr   .            (no gloves)
SInv    .            (no boots)
Will    .....        (no amulet) Stlth
                     l - ring of protection from cold
HPRegen 0.28/turn    (no ring)
MPRegen 0.09/turn

%: no passive effects
@: berserking, drained, very quick
A: fangs 1, strong nose, distributed training
a: Renounce Religion, Berserk


You were on level 3 of the Dungeon.
You worshipped Trog.
Trog was aware of your devotion.
You visited 1 branch of the dungeon, and saw 3 of its levels.

You collected 64 gold pieces.

Inventory:

Hand Weapons
 a - a +0 hand axe (weapon)
Missiles
 j - 2 poisoned darts
Armour
 b - a +0 animal skin (worn)
 g - a +0 buckler (worn)
Jewellery
 l - a ring of protection from cold (left hand)
Wands
 h - a wand of acid (9)
Scrolls
 c - a scroll of immolation {unknown}
 e - 3 scrolls of identify {unknown}
Potions
 d - a potion of brilliance
 f - a potion of attraction {unknown}
 i - a potion of mutation {unknown}
 k - a potion of lignification {unknown}
 m - a potion of berserk rage {unknown}


   Skills:
 + Level 6.5 Fighting
 + Level 1.0 Short Blades
 + Level 1.0 Long Blades
 + Level 6.5 Axes
 + Level 1.0 Maces & Flails
 + Level 1.0 Polearms
 + Level 1.0 Staves
 + Level 1.0 Ranged Weapons
 + Level 1.0 Throwing
 + Level 4.6 Armour
 + Level 4.6 Dodging
 + Level 1.0 Stealth
 + Level 1.0 Shields
 + Level 1.0 Unarmed Combat
 + Level 1.0 Spellcasting
 + Level 0.7 Conjurations
 + Level 0.7 Hexes
 + Level 0.7 Summonings
 + Level 0.7 Necromancy
 + Level 0.7 Translocations
 + Level 0.7 Transmutations
 + Level 0.7 Fire Magic
 + Level 0.7 Ice Magic
 + Level 0.7 Air Magic
 + Level 0.7 Earth Magic
 + Level 0.7 Poison Magic
 + Level 1.1 Invocations
 + Level 1.0 Evocations
 + Level 0.7 Shapeshifting


You had 4 spell levels left.
You didn't know any spells.
Your spell library was empty.

Dungeon Overview and Level Annotations

Branches:
Dungeon (3/15)

Altars:
Elyvilon
The Shining One


Innate Abilities, Weirdness & Mutations

You have very sharp teeth.
Your uncanny sense of smell can sniff out nearby items.
Your experience applies equally to all skills.


Message History

A gnoll comes into view. It is wielding a +0 flail of draining.
You closely miss the gnoll. You hit the gnoll. The gnoll barely misses you.
The gnoll misses you.
A gnoll comes into view. It is wielding a +0 spear.
The gnoll shouts!
You hit the gnoll.
The gnoll is severely wounded.
You barely miss the gnoll. The gnoll barely misses you.
The gnoll hits you with a +0 flail of draining!
You feel drained.
You barely miss the gnoll.
The gnoll is severely wounded.
You hit the gnoll. The gnoll hits you with a +0 whip.
The gnoll barely misses you.
You closely miss the gnoll.
The gnoll is severely wounded.
You hit the gnoll but do no damage. The gnoll barely misses you.
The gnoll hits you with a +0 flail of draining!
You feel drained.
* * * LOW HITPOINT WARNING * * *
You are too injured to fight recklessly!
You are too injured to fight recklessly!
You are too injured to fight recklessly!
You are too injured to fight recklessly!
You are too injured to fight recklessly!
You are too injured to fight recklessly!
You are too injured to fight recklessly!
You are too injured to fight recklessly!
You are too injured to fight recklessly!
A red film seems to cover your vision as you go berserk!
You feel yourself moving faster!
You feel mighty! The gnoll barely misses you. The gnoll misses you.
You block the gnoll's attack.
You hit the gnoll.
The gnoll is heavily wounded.
You barely miss the gnoll.
The gnoll hits you from afar with a +0 spear!
* * * LOW HITPOINT WARNING * * *
The gnoll closely misses you.
The gnoll hits you with a +0 flail of draining!
You die...

#. #.. ### #..# ###
#.. ...##.## ....#
#.##..##...##..#..
###g#g.##..#..# ..#.
#..@g.# ..#.#.. #...
#...### .#._.#. ###.
###...##..#.#..##...
###..##..#..+#....
##..## ##.....
##..## ##......
##..###..#####
##..#..## #..#..#


You could see 3 gnolls.

Vanquished Creatures
  2 adders (D:2)
  A worm (D:2)
  A dart slug (D:3)
  2 ball pythons (D:2)
  2 bats
  5 endoplasms (D:2)
  2 giant cockroaches
  2 hobgoblins
  2 kobolds
  3 quokkas
  3 frilled lizards (D:1)
  A goblin (D:2)
  3 rats
29 creatures vanquished.

Notes
Turn   | Place    | Note
-------+----------+-------------------------------------------
     0 | D:1      | arthad the Gnoll Berserker began the quest for the Orb.
     0 | D:1      | Reached XP level 1. HP: 23/23 MP: 1/1
    77 | D:1      | Found a faded altar of an unknown god.
   446 | D:1      | Reached XP level 2. HP: 29/29 MP: 2/2
  1041 | D:2      | Reached XP level 3. HP: 5/35 MP: 3/3
  1044 | D:2      | HP: 2/52 [poisoned by an adder]
  1356 | D:2      | Reached skill level 1 in Invocations
  1527 | D:2      | Found a white marble altar of Elyvilon.
  1616 | D:2      | Reached skill level 1 in Short Blades
  1616 | D:2      | Reached skill level 1 in Long Blades
  1616 | D:2      | Reached skill level 1 in Maces & Flails
  1616 | D:2      | Reached skill level 1 in Polearms
  1616 | D:2      | Reached skill level 1 in Staves
  1616 | D:2      | Reached skill level 1 in Ranged Weapons
  1616 | D:2      | Reached skill level 1 in Throwing
  1616 | D:2      | Reached skill level 1 in Stealth
  1616 | D:2      | Reached skill level 1 in Shields
  1616 | D:2      | Reached skill level 1 in Unarmed Combat
  1616 | D:2      | Reached skill level 1 in Spellcasting
  1616 | D:2      | Reached skill level 1 in Evocations
  1891 | D:3      | Found a glowing golden altar of the Shining One.
  1904 | D:3      | Slain by a gnoll

Illustrated notes

Levels and vault maps discovered:
D:1:      nzn_arrival_depleted_hourglass, layout_loops_ring,
          shapermc_ecumenical_altar_mp_ritualfount, skrybe_limestone_x,
          hangedman_decor_clover_reticule
D:2:      layout_basic, basic_altar, grunt_ministairs_14
D:3:      layout_basic, tso_metal_star

Skill      XL: |  1  2  3 |
---------------+----------+-----
Invocations    | 1 |  1.1
Short Blades   | 1 |  1.0
Long Blades    | 1 |  1.0
Maces & Flails | 1 |  1.0
Polearms       | 1 |  1.0
Staves         | 1 |  1.0
Ranged Weapons | 1 |  1.0
Throwing       | 1 |  1.0
Stealth        | 1 |  1.0
Shields        | 1 |  1.0
Unarmed Combat | 1 |  1.0
Spellcasting   | 1 |  1.0
Evocations     | 1 |  1.0
Fighting       | |  6.5
Axes           | |  6.5
Armour         | |  4.6
Dodging        | |  4.6
Conjurations   | |  0.7
Hexes          | |  0.7
Summonings     | |  0.7
Necromancy     | |  0.7
Translocations | |  0.7
Transmutations | |  0.7
Fire Magic     | |  0.7
Ice Magic      | |  0.7
Air Magic      | |  0.7
Earth Magic    | |  0.7
Poison Magic   | |  0.7
Shapeshifting  | |  0.7

Action                     || total
---------------------------++-------
  Melee: Hand axe          ||    96
         Bite              ||     6
 Invoke: Berserk           ||     2
    Use: Potion            ||     2
   Stab: Sleeping          ||     3
 Armour: Animal skin       ||    10
  Dodge: Dodged            ||    52
  Block: Buckler           ||     9

Table legend: (Time is in decaauts)
 A = Elapsed time spent in this place.
 B = Non-inter-level travel time spent in this place.
 C = Inter-level travel time spent in this place.
 D = Time resting spent in this place.
 E = Time spent auto-exploring this place.
 F = Levels seen in this place.
 G = Mean time per level.
                   A        B        C        D        E       F      G
               +--------+--------+--------+--------+--------+-----+--------+
         Total |   1917 |   1794 |    123 |    110 |   1416 |   3 |  639.0 |
       Dungeon |   1917 |   1794 |    123 |    110 |   1416 |   3 |  639.0 |
               +--------+--------+--------+--------+--------+-----+--------+

Top non-repeatable levels by time:
     D:2: 965 daAuts
     D:1: 777 daAuts
     D:3: 173 daAuts
